Unix NetHack Version 3.7.0-95 Work-in-progress - last build Jan 1 2024 20:51:50 (6a0ccc5fa2390e420dd2d488a2f9488d2ae3a63b,branch:master). Game began 2024-01-07 16:37:11, ended 2024-01-09 18:17:54. spontiff, neutral male gnomish Healer ------- ------- --- |..--.-- --..|.<--- --.-- |......| --........-- |...| |......| ---- |..|.......| |..-- --.....----..| --.----.--..| -..|-- --.....||...| ----..| |.|---- ...|.-- ---|-....--.^.----....--- |.|--- --...@---.--...............|....--|.--.-- |..edi................----|.....--.....-- --- |.|...e..............---------..........------.-- |.|-..-...................................%.....| |*|...........[......--..-------......).-----..----- --.--....*................------|........----..).|..| |.^...e...........----.....--..|--............).....| |...---..........-| --........| --..---...........-- ----- --....----..--- --......-- --..-----.|.....-- |....| |....-- ---..--- --...| -----.--- --....| |.....| ---- |...| --- |.....| --...-- |..-- --.---- --..| ---- --- ---- Spontiff the Rhizotomist St:11 Dx:9 Co:13 In:10 Wi:16 Ch:17 Neutral S:200 Dlvl:5 $:0 HP:0(24) Pw:6(6) AC:7 Xp:1/0 T:2132 Latest messages: Status of the little dog (neutral, small): Level 2 HP 3(10) AC 6, peaceful. What do you want to use or apply? [fosSWZ or ?*] s In what direction? k Status of the large dog (neutral, medium): Level 8 HP 64(64) AC 4, tame. The large dog misses the little dog. The large dog bites the little dog. The little dog is killed! What do you want to use or apply? [fosSWZ or ?*] o You produce a strange whistling sound. Your large dog shifts location. A shiver runs up and down your spine! Pick an object. You are momentarily blinded by a flash of light! You hear a deafening roar! You don't have anything to drink. What do you want to use or apply? [fosSWZ or ?*] f C - an uncursed potion of extra healing. What do you want to adjust? [f-hkn-psyCEKRSWZ or ?*] C Adjust letter to what [a-eijlmqrt-xzA-DF-JL-QT-VXY] (? see used letters)? c Moving: c - an uncursed potion of extra healing. What do you want to use or apply? [fosSWZ or ?*] f c - an uncursed potion of extra healing (2 in total). You feel an unseen monster! You feel an unseen monster! You feel an unseen monster! You can see again. What do you want to use or apply? [fosSWZ or ?*] f You put an uncursed potion of extra healing into the bag. What do you want to use or apply? [fosSWZ or ?*] s You can't hear anything! You begin bashing monsters with your gloved hands. You hit the floating eye. You are frozen by the floating eye's gaze! The homunculus bites! The homunculus bites! The homunculus bites! The homunculus bites! The homunculus bites! You can hear again. The homunculus bites! The homunculus bites! The homunculus bites! The homunculus bites! The homunculus bites! The homunculus bites! The homunculus bites! The homunculus bites! You die... Do you want your possessions identified? [ynq] (y) y Do you want to see the dungeon overview? [ynq] (y) q Inventory: Weapons k - an uncursed +0 orcish dagger K - a blessed +0 scalpel (alternate weapon; not wielded) Armor h - an uncursed +0 orcish helm (being worn) g - an uncursed +1 pair of leather gloves (being worn) Comestibles y - 5 uncursed apples n - an uncursed food ration p - an uncursed tripe ration Potions c - an uncursed potion of extra healing Rings R - an uncursed ring of fire resistance named !c (on right hand) Wands Z - an uncursed wand of lightning (0:7) S - an uncursed wand of sleep (0:4) Tools f - an uncursed bag of holding containing 23 items W - an uncursed tooled horn o - an uncursed magic whistle s - an uncursed stethoscope Gems/Stones E - an uncursed topaz stone Contents of the bag of holding: 1265 gold pieces an uncursed +0 helm of caution 4 uncursed food rations an uncursed scroll of enchant armor an uncursed scroll of food detection an uncursed scroll of remove curse an uncursed potion of booze 3 uncursed potions of extra healing a cursed potion of extra healing named cursed an uncursed potion of fruit juice 2 cursed potions of healing named cursed an uncursed potion of speed 4 uncursed potions of water a blessed +1 ring of protection an uncursed ring of protection from shape changers named !c an uncursed ring of stealth an uncursed wand of cold (0:5) an uncursed wand of striking (0:5) an uncursed wand of striking (0:5) 4 uncursed jasper stones an uncursed worthless piece of green glass 2 uncursed worthless pieces of orange glass an uncursed worthless piece of yellowish brown glass Spontiff the Healer's attributes: Background: You were a Rhizotomist, a level 1 male gnomish Healer. You were neutral, on a mission for Hermes who was opposed by Athena (lawful) and Poseidon (chaotic). You were right-handed. You were in the Gnomish Mines, on level 5. You entered the dungeon 2132 turns ago. You had 0 experience points, 20 were needed to attain level 2. Your score was 200 before end-of-game adjustments. Basics: You had 0 out of 24 hit points. You had all 6 energy points (spell power). Your armor class was 7. Your wallet was empty, but you had 1265 zorkmids stashed away in your pack. Autopickup was on for '$!/="?' plus thrown, with exceptions. Final Characteristics: Your strength was 11 (limit:18/50). Your dexterity was 9 (limit:18). Your constitution was 13 (limit:18). Your intelligence was 10 (limit:19). Your wisdom was 16 (limit:18). Your charisma was 17 (limit:18). Final Status: You weren't hungry. You were unencumbered. You were empty handed. You were unskilled in bare handed combat. Final Attributes: You were devoutly aligned. You were fire resistant. Your items were protected from fire. You were poison resistant. You had infravision. You are dead. Miscellaneous: You never encountered a bones level. Total elapsed playing time was 47 minutes and 13 seconds. Major events: Turn 1: spontiff the neutral male gnomish Healer entered the dungeon 1337: entered the Gnomish Mines 2132: killed by a homunculus, while frozen by a floating eye's gaze Vanquished creatures: 2 gnome leaders a little dog 2 iguanas an acid blob a large kobold a hobgoblin 2 giant rats a yellow mold a green mold 2 gnomes 2 geckos 4 jackals 2 foxes a kobold 4 goblins 5 sewer rats 4 grid bugs 6 lichens 3 kobold zombies 9 newts 54 creatures vanquished. No species were genocided or became extinct. Voluntary challenges: You never hit with a wielded weapon. You were a pacifist. You read items or engraved 1 time. You never engraved Elbereth. You never genocided any monsters. You never polymorphed an object. You never changed form. You used no wishes. Achievements: You entered a shop. You entered the Gnomish Mines. The Dungeons of Doom: levels 1 to 4 Level 1: Some fountains, a sink. Level 2: A general store, a sink. Level 3: A general store. Stairs down to The Gnomish Mines. Level 4: The Gnomish Mines: levels 4 to 5 Level 4: Level 5: <- You were here. Final resting place for you, killed by a homunculus, while frozen by a floating eye's gaze. Game over: ---------- / \ / REST \ / IN \ / PEACE \ / \ | spontiff | | 1265 Au | | killed by a | | homunculus | | | | | | 2024 | *| * * * | * _________)/\\_//(\/(/\)/\//\/|_)_______ Goodbye spontiff the Healer... You died in The Gnomish Mines on dungeon level 5 with 200 points, and 1265 pieces of gold, after 2132 moves. You were level 1 with a maximum of 24 hit points when you died.